 Dungeon Crawl Stone Soup version 0.27-a0-1347-gd8886f0a89 (webtiles) character file.

Game seed: 29415006518542745

5138 Lanoc the Destroyer (level 10, -3/94 HPs)
             Began as a Demonspawn Conjurer on June 27, 2021.
             Was a Priest of Vehumet.
             Splashed by an acid dragon's acid (7 damage)
             ... on level 9 of the Dungeon.
             The game lasted 00:16:44 (10477 turns).

Lanoc the Destroyer (Demonspawn Conjurer)          Turns: 10477, Time: 00:16:45

Health: -3/94      AC:  1    Str:  7    XL:     10   Next: 33%
Magic:  0/13       EV: 15    Int: 26    God:    Vehumet [***...]
Gold:   440        SH:  0    Dex: 11    Spells: 6/13 levels left

rFire    . . .     SeeInvis .   w - +2 quarterstaff (chaos)
rCold    . . .     Faith    .   (shield currently unavailable)
rNeg     + . .     Spirit   +   a - +0 robe
rPois    .         Reflect  .   (helmet restricted)
rElec    .         Harm     .   x - +1 cloak {Will+}
rCorr    +         Rampage  .   (no gloves)
Will     +....                  (no boots)
Stlth    ..........             (no amulet)
HPRegen  0.25/turn              n - ring of positive energy
MPRegen  0.26/turn              A - ring of resist corrosion

@: berserking, corroded, very quick
A: hooves 2, foul stench 1, magic shield, magic regeneration, sharp scales 1,
antennae 1, clever 1, screaming 1
a: Renounce Religion


You were on level 9 of the Dungeon.
You worshipped Vehumet.
Vehumet was most pleased with you.
You visited 2 branches of the dungeon, and saw 10 of its levels.

You collected 440 gold pieces.

Inventory:

Hand Weapons
 w - a +2 quarterstaff of chaos (weapon)
Missiles
 k - a throwing net
Armour
 a - a +0 robe (worn)
 x - a +1 cloak of willpower (worn)
Jewellery
 n - a ring of positive energy (left hand)
 A - a ring of resist corrosion (right hand)
 G - a ring of flight
Wands
 q - a wand of flame (28)
 t - a wand of mindburst (23)
 v - a wand of digging (7)
 C - a wand of acid (23)
 D - a wand of polymorph (11)
 J - a wand of charming (7)
Scrolls
 b - a scroll of blinking {unknown}
 g - a scroll of immolation
 i - a scroll of holy word {unknown}
 j - a scroll of teleportation
 l - a scroll of amnesia {unknown}
 s - a scroll of summoning
 y - 3 scrolls of magic mapping
Potions
 c - a potion of might {unknown}
 d - 6 potions of curing
 h - a potion of invisibility
 m - a potion of magic
 o - a potion of attraction
 p - a potion of brilliance
 r - a potion of ambrosia
 u - a potion of resistance
 E - 2 potions of flight
 F - a potion of haste
 H - 3 potions of lignification


   Skills:
 + Level 8.3 Dodging
 - Level 1.7 Stealth
 - Level 2.0 Spellcasting
 * Level 12.8 Conjurations


You had 6 spell levels left.
You knew the following spells:

 Your Spells              Type           Power      Damage    Failure   Level
a - Magic Dart            Conj           100%       1d8       1%          1
b - Searing Ray           Conj           100%       3d7       1%          2
c - Iskenderun's Mystic   Conj/Tloc      35%        2d8       2%          4

Your spell library contained the following spells:

 Spells                   Type           Power      Damage    Failure   Level
 Airstrike                Air            1%         N/A       26%         4
 Dazzling Flash           Conj/Hex       70%        N/A       1%          3
 Fulminant Prism          Conj/Hex       17%        3d11      2%          4
 Beastly Appendage        Tmut           4%         N/A       11%         1
 Wereblood                Tmut           2%         N/A       16%         2
 Spider Form              Tmut/Pois      1%         N/A       30%         3
 Ice Form                 Ice/Tmut       2%         N/A       71%         4


Dungeon Overview and Level Annotations

Branches:
Dungeon (9/15)             Temple (1/1) D:4
   Lair: D:8-11         Orc: D:9-12

Altars:
Fedhas
Hepliaklqana
Kikubaaqudgha
Qazlal
Sif Muna
Trog
Uskayaw
Vehumet
Yredelemnul

Shops:
D:1 ?   D:4 [

Annotations:
D:8 2 transporters


Innate Abilities, Weirdness & Mutations

You have hoof-like feet.
You may rarely emit foul miasma when damaged in melee.
When hurt, damage is shared between your health and your magic reserves.
You regenerate magic rapidly.
You are partially covered in razor-sharp scales. (AC +1, Slay +1)
You have a pair of small antennae on your head.
Your mind is acute. (Int +2)
You occasionally shout uncontrollably at your foes.


Message History

You kill the orc priest!
Vehumet accepts your kill.
The searing ray hits the orc!!
You kill the orc!
Vehumet accepts your kill.
You feel your power returning. (Press . to maintain the ray.)
The acid dragon spits acid at you. The splash of acid hits you! You resist.
The acid corrodes you!
You are splashed with acid!
You resist.
You hear a shout!
You hit the acid dragon.
You feel better.
The acid dragon is lightly wounded.
The acid dragon closely misses you. x2
You closely miss the acid dragon.
The acid dragon is lightly wounded.
The acid dragon spits acid at you. The splash of acid hits you! You resist.
You are splashed with acid!
You resist.
You hear a shout!
You are too injured to fight recklessly!
You are too injured to fight recklessly!
You hit the acid dragon but do no damage.
The acid dragon is lightly wounded.
The acid dragon bites you!
* * * LOW HITPOINT WARNING * * *
The acid dragon closely misses you. x2; The acid dragon claws you.
* * * LOW HITPOINT WARNING * * *
A red film seems to cover your vision as you go berserk!
You feel yourself moving faster!
You feel mighty! The acid dragon bites you.
* * * LOW HITPOINT WARNING * * *
The acid dragon claws you.
* * * LOW HITPOINT WARNING * * *
You closely miss the acid dragon.
The acid dragon is lightly wounded.
The acid dragon spits acid at you. The splash of acid hits you! You resist.
* * * LOW HITPOINT WARNING * * *
You are splashed with acid!
You resist.
You die...

##.#...........#...#
#...(....
##.###.........##...#
#........ #.##
##.......##....#
#........ .##
#.....##..#..# #........
##
##.###......#####........
........................
###.....################
#####D#....... #@#.....!.
#.#)...... #.))))....
###..#[... ..# . ....
#####


You could see an acid dragon (catching breath).

Vanquished Creatures
  The ghost of askman the Unhurried, a novice DsFi of Cheibriados (D:7)
  An ugly thing (D:8)
  Maurice (D:9)
  2 centaur zombies (D:6)
  Grum (D:8)
  A steam dragon (D:9)
  Menkaure (D:5)
  An acid dragon (D:9)
  4 orc warriors
  An ice beast (D:6)
  2 ogres
  2 wolves
  4 centaurs
  2 phantoms
  A kobold brigand (D:9)
  3 bullfrogs
  A gnoll sergeant (D:6)
  A wyvern zombie (D:5)
  3 scorpions (D:4)
  A water moccasin zombie (D:3)
  A killer bee (D:9)
  2 howler monkeys (D:9)
  A bullfrog zombie (D:5)
  2 centaur skeletons
  3 jellies
  A hound (D:7)
  8 orc priests
  A bullfrog skeleton (D:4)
  Crazy Yiuf (D:5)
  Ijyb (D:5)
  5 orc wizards
  A killer bee zombie (D:9)
  2 hound skeletons (D:4)
  2 howler monkey zombies
  16 gnolls
  A howler monkey skeleton (D:5)
  11 adders
  A shadow imp (D:6)
  A white imp (D:7)
  3 worms
  4 dart slugs
  22 orcs
  12 bats
  8 endoplasms
  4 giant cockroaches
  8 goblins
  5 hobgoblins
  6 jackals
  2 quokkas
  8 ball pythons
  2 frilled lizards
  9 kobolds
  5 rats
193 creatures vanquished.

Vanquished Creatures (others)
  14 fungi (D:4)
14 creatures vanquished.

Grand Total: 207 creatures vanquished

Notes
Turn   | Place    | Note
-------+----------+-------------------------------------------
     0 | D:1      | Lanoc the Demonspawn Conjurer began the quest for the Orb.
     0 | D:1      | Reached XP level 1. HP: 13/13 MP: 3/3
   192 | D:1      | Gained mutation: You have large cloven feet. [demonic
                  | ancestry]
   192 | D:1      | Reached XP level 2. HP: 17/19 MP: 0/5
   645 | D:1      | Found Kuoxkuix's Magic Scroll Shoppe.
   769 | D:1      | Reached XP level 3. HP: 21/24 MP: 0/6
   778 | D:1      | Learned a level 2 spell: Searing Ray
  1732 | D:2      | Reached skill level 5 in Conjurations
  1774 | D:2      | Gained mutation: You regenerate magic rapidly. [demonic
                  | ancestry]
  1774 | D:2      | Reached XP level 4. HP: 19/30 MP: 0/7
  2752 | D:3      | Reached skill level 6 in Conjurations
  2752 | D:3      | Gained mutation: You are partially covered in razor-sharp
                  | scales. (AC +1, Slay +1) [demonic ancestry]
  2752 | D:3      | Reached XP level 5. HP: 35/35 MP: 1/8
  3538 | D:3      | Found a faded altar of an unknown god.
  3603 | D:3      | Became a worshipper of Vehumet
  3603 | D:3      | Reached * piety under Vehumet
  3603 | D:3      | Offered knowledge of Shock by Vehumet.
  3677 | D:3      | Reached XP level 6. HP: 41/41 MP: 6/9
  4132 | D:4      | Found a staircase to the Ecumenical Temple.
  4152 | D:4      | Reached skill level 7 in Conjurations
  4162 | Temple   | Entered the Ecumenical Temple
  4183 | D:4      | Found Pikkijaz's Antique Armour Shoppe.
  4683 | D:4      | Gained mutation: You may rarely emit foul miasma when
                  | damaged in melee. [demonic ancestry]
  4683 | D:4      | Reached XP level 7. HP: 46/46 MP: 2/10
  4951 | D:4      | Reached ** piety under Vehumet
  4998 | D:4      | Offered knowledge of Static Discharge by Vehumet.
  5263 | D:5      | Entered Level 5 of the Dungeon
  5263 | D:5      | Noticed Menkaure
  5266 | D:5      | Killed Menkaure
  5267 | D:5      | Reached skill level 8 in Conjurations
  5493 | D:5      | Reached skill level 5 in Dodging
  5627 | D:5      | Gained mutation: When hurt, damage is shared between your
                  | health and your magic reserves. [demonic ancestry]
  5627 | D:5      | Reached XP level 8. HP: 52/52 MP: 8/11
  5627 | D:5      | Noticed Ijyb
  5632 | D:5      | Killed Ijyb
  6009 | D:5      | Found a runed translucent door.
  6010 | D:5      | Noticed Crazy Yiuf
  6016 | D:5      | Killed Crazy Yiuf
  6103 | D:6      | Reached skill level 9 in Conjurations
  6258 | D:6      | Reached skill level 10 in Conjurations
  6553 | D:6      | Reached XP level 9. HP: 57/57 MP: 7/12
  6865 | D:6      | Found a hazy altar of Hepliaklqana.
  6877 | D:6      | Offered knowledge of Frozen Ramparts by Vehumet.
  6928 | D:6      | Found a hide-covered altar of Uskayaw.
  6929 | D:6      | Found an ancient bone altar of Kikubaaqudgha.
  6929 | D:6      | Found a shimmering blue altar of Sif Muna.
  6929 | D:6      | Found a basalt altar of Yredelemnul.
  6935 | D:6      | Found a bloodstained altar of Trog.
  7300 | D:7      | Found a runed translucent door.
  7301 | D:7      | Noticed askman's ghost (novice DsFi)
  7316 | D:7      | Gained mutation: You have hoof-like feet. [potion of
                  | mutation]
  7316 | D:7      | Gained mutation: Your mind is acute. (Int +2) [potion of
                  | mutation]
  7316 | D:7      | Gained mutation: You occasionally shout uncontrollably at
                  | your foes. [potion of mutation]
  7316 | D:7      | Gained mutation: You have a pair of small antennae on your
                  | head. [potion of mutation]
  7333 | D:7      | Killed askman's ghost
  7334 | D:7      | Reached skill level 11 in Conjurations
  8165 | D:8      | Noticed Grum
  8172 | D:8      | Killed Grum
  8172 | D:8      | Reached *** piety under Vehumet
  8217 | D:8      | Noticed a cyan ugly thing
  8227 | D:8      | Killed a cyan ugly thing
  8228 | D:8      | Reached skill level 12 in Conjurations
  8597 | D:8      | Noticed a boulder beetle
  8609 | D:8      | HP: 2/57 [boulder beetle (9)]
  8953 | D:8      | Learned a level 4 spell: Iskenderun's Mystic Blast
  9037 | D:8      | Noticed a troll
  9037 | D:8      | Noticed a two-headed ogre
  9057 | D:8      | Found a transporter.
  9438 | D:9      | Noticed Maurice
  9444 | D:9      | Killed Maurice
  9445 | D:9      | Reached XP level 10. HP: 63/63 MP: 6/13
  9794 | D:9      | Found a stormy altar of Qazlal.
  9848 | D:9      | Offered knowledge of Airstrike by Vehumet.
 10060 | D:9      | Identified the amulet "Zejirosokk" {Rampage rPois Regen+}
 10061 | D:9      | Noticed a centaur warrior
 10061 | D:9      | Noticed a wizard
 10061 | D:9      | Noticed a catoblepas
 10062 | D:9      | Noticed a green ugly thing
 10259 | D:8      | Found a blossoming altar of Fedhas.
 10326 | D:8      | Found a transporter.
 10477 | D:9      | HP: 4/94 [acid dragon/splash of acid (7)]
 10477 | D:9      | Splashed by an acid dragon's acid

Illustrated notes

Levels and vault maps discovered:
D:1:      matt_arrival_los_fun, layout_loops_ring, serial_shops, shop_scrolls
D:2:      layout_basic
D:3:      minmay_recursive_quarters, layout_loops_ring,
          shapermc_ecumenical_altar_notcrosses, minmay_misc_feat_four_crosses
D:4:      old_forge, layout_loops_cross, minmay_temple_entry_metal_lava,
          nicolae_take_the_stairs, hangedman_abyss_or_decor_lesser_grid
D:5:      layout_rooms, uniq_ijyb, uniq_menkaure, uniq_crazy_yiuf_cottage
D:6:      layout_basic, minitemple
D:7:      layout_loops_cross, ebering_ghost_inner_flame,
          minmay_misc_feat_enclosed
D:8:      gammafunk_the_bubble [the_bubble_gammafunk_crates], layout_basic,
          fedhas_altar_4, serial_curves, eino_curves_04, eino_curves_04,
          uniq_grum
D:9:      minmay_the_grid_octo_2x2 [minmay_the_grid_octo_empty,
          minmay_the_grid_octo_fat_diamond, minmay_the_grid_octo_odd_swirl,
          minmay_the_grid_octo_prize_ultimate_mussel_roller], layout_long_grid,
          jmf_multi_god_temple2, nicolae_qazlal_general_emergency, erik_orc_1,
          kennysheep_nub, hangedman_incinerator, uniq_maurice
Temple:   bh_familiar_temple

Skill      XL: |  1  2  3  4  5  6  7  8  9 10 |
---------------+-------------------------------+-----
Dodging        | 2 3 4 5 6 7 8 |  8.3
Conjurations   | 5 6 7 8 10 12 | 12.8
Stealth        | |  1.7
Spellcasting   | |  2.0

Action                   |  1- 3 |  4- 6 |  7- 9 | 10-12 || total
-------------------------+-------+-------+-------+-------++-------
Melee: Unarmed           |    27 |     8 |       |       ||    35
       Kick              |     4 |     1 |     1 |       ||     6
       Quarterstaff      |       |       |     5 |    10 ||    15
 Cast: Magic Dart        |    59 |    40 |     9 |     2 ||   110
       Searing Ray       |     2 |    32 |    67 |    19 ||   120
       Iskenderun's Myst |       |       |     1 |     1 ||     2
  Use: Potion            |       |       |    10 |     1 ||    11
       Scroll            |       |       |     5 |     9 ||    14
Armor: Robe              |     7 |     8 |    28 |     9 ||    52
Dodge: Dodged            |    22 |    24 |    72 |    24 ||   142

Table legend: (Time is in decaauts)
 A = Elapsed time spent in this place.
 B = Non-inter-level travel time spent in this place.
 C = Inter-level travel time spent in this place.
 D = Time resting spent in this place.
 E = Time spent auto-exploring this place.
 F = Levels seen in this place.
 G = Mean time per level.
                   A        B        C        D        E       F      G
               +--------+--------+--------+--------+--------+-----+--------+
         Total |  10484 |  10123 |    361 |    543 |   8395 |  10 | 1048.4 |
       Dungeon |  10482 |  10121 |    361 |    543 |   8395 |   9 | 1164.7 |
        Temple |      1 |      1 |      0 |      0 |      0 |   1 |    1.0 |
               +--------+--------+--------+--------+--------+-----+--------+

Top non-repeatable levels by time:
     D:8: 1572 daAuts
     D:2: 1484 daAuts
     D:4: 1368 daAuts
     D:1: 1259 daAuts
     D:3: 1151 daAuts
     D:7: 1096 daAuts
     D:6: 954 daAuts
     D:5: 822 daAuts
     D:9: 773 daAuts
  Temple: 1 daAuts
